Map: Blackburn LE

Players

Seither - Winner!

  • Race: Terran Terran
  • League: Grandmaster

TeebuL

  • Race: Protoss Protoss
  • League: Gold

Event: DreamHack SC2 Masters 2021 Summer

VOD

Have the link to the VOD?

Description

Time

  • Played on: May 23, 2021, 5:27 a.m.
  • Length: 9:40

All games in this series

Show
View Real Time Build Order
Export as new Build Order

Seither Terran - Winner!

Build Orders:  

Get SALT Encoding   

  12  0:00  SCV  
  13  0:12  SCV  
  14  0:17  Supply Depot  
  14  0:24  SCV  
  15  0:38  SCV  
  15  0:40  Barracks  
  16  0:45  Refinery  
  16  0:51  SCV  
  17  1:03  SCV  
  18  1:15  SCV  
  19  1:27  Orbital Command  
  19  1:28  Marine  
  20  1:43  Command Center  
  20  1:51  Barracks Reactor  
  20  1:56  SCV  
  20  1:59  Supply Depot  
  21  2:08  SCV  
  22  2:14  Factory  
  22  2:21  SCV  
  23  2:23  Refinery  
  23  2:28  Marine x2  
  25  2:33  SCV  
  26  2:38  Bunker  
  26  2:45  SCV  
  26  2:46  Marine x2  
  29  2:57  Orbital Command  
  29  3:00  SCV  
  29  3:04  Starport  
  30  3:08  Factory Tech Lab  
  30  3:10  Marine  
  31  3:14  Marine  
  31  3:15  SCV  
  33  3:25  SCV  
  34  3:28  Siege Tank  
  37  3:34  Supply Depot  
  37  3:36  SCV  
  37  3:37  Marine x2  
  37  3:41  Medivac  
  42  3:44  SCV  
  43  3:50  Supply Depot  
  43  3:54  SCV  
  43  3:55  Marine x2  
  45  3:57  SCV  
  45  4:02  Siege Tank  
  50  4:13  Marine x2  
  50  4:14  Starport Tech Lab  
  52  4:18  SCV  
  52  4:19  SCV  
  52  4:21  Supply Depot  
  54  4:26  Refinery  
  54  4:29  Barracks  
  54  4:31  SCV x2  
  56  4:32  Marine x2  
  60  4:47  Raven  
  60  4:51  Bunker  
  59  4:54  SCV  
  59  4:55  SCV  
  59  4:56  Engineering Bay  
  59  4:57  Supply Depot  
  59  4:59  Marine x2  
  63  5:04  Siege Tank  
  63  5:14  SCV x2  
  62  5:23  Marine x2  
  58  5:34  Command Center  
  58  5:36  Siege Tank  
  58  5:37  SCV  
  58  5:38  SCV  
  58  5:39  Terran Infantry Weapons Level 1  
  63  5:47  Barracks  
  63  5:49  SCV  
  64  5:50  SCV  
  64  5:53  Marine x2  
  64  5:55  Stimpack  
  67  6:03  SCV x2  
  69  6:06  Marauder  
  69  6:07  Starport Reactor  
  69  6:10  Refinery, Supply Depot  
  71  6:15  SCV x2  
  71  6:18  Marine x2  
  75  6:26  Barracks  
  75  6:27  Barracks, SCV x2  
  75  6:28  Supply Depot  
  77  6:35  Marauder  
  77  6:39  Marine x2, SCV x2  
  82  6:43  Factory Tech Lab  
  82  6:45  Medivac  
  82  6:46  Medivac  
  87  6:47  Orbital Command  
  87  6:49  Marauder  
  87  6:51  SCV x2  
  91  6:58  Combat Shield, Marauder  
  93  7:03  Marine x2, SCV  
  93  7:04  Supply Depot, SCV  
  93  7:05  Siege Tank  
  100  7:14  Orbital Command  
  100  7:15  SCV  
  100  7:17  Barracks Tech Lab, Barracks Reactor  
  100  7:22  Marauder x2  
  105  7:27  SCV  
  105  7:28  Marine x2, SCV  
  109  7:30  Medivac x2  
  109  7:34  Supply Depot  
  113  7:38  Refinery  
  113  7:39  SCV  
  113  7:40  SCV x2  
  116  7:45  Supply Depot x2  
  116  7:47  Marine  
  116  7:48  Concussive Shells  
  116  7:49  Marine  
  117  7:56  Siege Tank, Marauder x2, SCV  
  125  7:59  Refinery  
  125  8:00  Supply Depot  
  125  8:02  Supply Depot  
  125  8:07  Marauder, Marine x2, SCV x2  
  125  8:08  Supply Depot  
  125  8:12  Viking x2  
  135  8:21  Marauder x2, Marine x2  
  135  8:26  Supply Depot  
  141  8:28  Siege Tank, Marauder  
  141  8:29  Marine  
  141  8:30  Marine  
  148  8:39  Marine x2  
  147  8:42  Marauder  
  147  8:45  Marine  
  147  8:47  Marine  
  150  8:50  Marauder  
  145  9:02  Marine x3  
  145  9:04  Marauder x2  
  145  9:09  Marine  
  140  9:11  Marauder  
  132  9:20  Marine x3  
  129  9:24  SCV x2  
Show
View Real Time Build Order
Export as new Build Order

TeebuL Protoss 

Build Orders: 1 Gate Expand, Blink Stalkers 

Get SALT Encoding   

  12  0:01  Probe  
  13  0:13  Probe  
  14  0:17  Pylon  
  14  0:25  Probe (Chrono Boost)  
  15  0:37  Probe (Chrono Boost), Gateway  
  16  0:44  Probe (Chrono Boost)  
  16  0:49  Assimilator  
  17  0:51  Probe  
  18  1:03  Probe  
  19  1:15  Probe  
  20  1:28  Cybernetics Core  
  20  1:37  Probe, Nexus  
  21  1:45  Pylon  
  21  1:49  Probe  
  22  1:56  Assimilator  
  23  2:01  Probe  
  23  2:02  Adept (Chrono Boost)  
  23  2:07  Warp Gate  
  25  2:13  Probe (Chrono Boost)  
  25  2:25  Stalker, Probe (Chrono Boost)  
  28  2:32  Gateway  
  28  2:34  Probe (Chrono Boost)  
  29  2:44  Twilight Council  
  29  2:48  Probe (Chrono Boost)  
  29  2:50  Probe (Chrono Boost)  
  33  2:58  Probe (Chrono Boost)  
  33  3:01  Probe (Chrono Boost)  
  33  3:03  Probe (Chrono Boost)  
  34  3:05  Robotics Facility  
  34  3:10  Probe  
  35  3:15  Probe  
  35  3:17  Blink (Chrono Boost)  
  36  3:22  Probe  
  38  3:27  Probe  
  38  3:34  Probe  
  38  3:39  Probe  
  38  3:40  Pylon  
  40  3:46  Probe  
  41  3:51  Probe  
  41  3:54  Observer  
  41  3:55  Pylon  
  43  3:58  Probe  
  43  3:59  Stalker  
  43  4:00  Stalker  
  48  4:03  Probe  
  49  4:11  Probe  
  50  4:20  Pylon, Gateway  
  50  4:24  Pylon  
  51  4:25  Stalker, Probe  
  51  4:30  Shield Battery  
  54  4:32  Shield Battery  
  54  4:34  Stalker  
  54  4:35  Pylon  
  56  4:42  Immortal (Chrono Boost)  
  59  4:53  Adept  
  59  4:58  Adept  
  61  5:09  Shield Battery  
  61  5:11  Pylon  
  51  5:23  Probe x2  
  51  5:25  Stalker x3  
  53  5:34  Nexus  
  53  5:37  Probe (Chrono Boost)  
  55  5:45  Probe (Chrono Boost)  
  55  5:47  Assimilator, Probe (Chrono Boost)  
  55  5:48  Assimilator  
  56  5:52  Probe x2 (Chrono Boost)  
  56  5:53  Robotics Bay  
  56  5:55  Stalker  
  60  5:57  Zealot x2  
  60  6:03  Probe (Chrono Boost)  
  64  6:07  Probe (Chrono Boost)  
  63  6:15  Probe (Chrono Boost)  
  63  6:16  Observer  
  66  6:19  Probe (Chrono Boost)  
  66  6:20  Probe (Chrono Boost)  
  67  6:27  Probe (Chrono Boost)  
  69  6:35  Probe (Chrono Boost)  
  69  6:37  Probe (Chrono Boost)  
  70  6:40  Colossus  
  70  6:41  Extended Thermal Lance  
  70  6:42  Probe x2 (Chrono Boost)  
  70  6:46  Forge  
  78  6:51  Charge  
  78  6:52  Probe (Chrono Boost)  
  81  6:55  Gateway  
  81  6:59  Probe (Chrono Boost)  
  81  7:00  Probe (Chrono Boost)  
  81  7:01  Probe (Chrono Boost)  
  81  7:06  Probe x3 (Chrono Boost)  
  83  7:11  Sentry  
  86  7:18  Probe (Chrono Boost), Protoss Ground Weapons Level 1 (Chrono Boost), Gateway x2  
  86  7:19  Probe (Chrono Boost)  
  86  7:20  Sentry x2  
  86  7:22  Gateway  
  93  7:24  Probe (Chrono Boost)  
  93  7:30  Probe (Chrono Boost)  
  93  7:34  Shield Battery  
  93  7:36  Assimilator, Probe (Chrono Boost)  
  96  7:39  Probe x2 (Chrono Boost)  
  96  7:40  Assimilator  
  98  7:51  Probe  
  98  7:52  Probe  
  98  7:58  Colossus (Chrono Boost), Gateway  
  99  8:01  Probe  
  99  8:03  Probe  
  107  8:06  Photon Cannon  
  107  8:10  Pylon  
  107  8:15  Pylon  
  107  8:18  Pylon  
  105  8:20  Zealot x2  
  105  8:22  Pylon  
  105  8:25  Pylon, Dark Shrine  
  109  8:28  Pylon  
  105  8:43  Zealot x7  
  115  8:58  Zealot  
  114  9:07  Zealot x3  
  114  9:08  Zealot x4  
Tags
 
Add a new tag
Caveats
  • Supply blocks, unpowered buildings, or Contaminate may cause inaccurate times.
  • Supply counts are checked every 10 seconds.